 Dungeon Crawl Stone Soup version 0.29-a0-297-g7659ce593d (webtiles) character file.

Game seed: 3454887468009066191

1526 kae the Arsonist (level 8, -2/48 HPs)
             Began as a Tengu Fire Elementalist on Mar 20, 2022.
             Killed by divine providence
             ... invoked by an orc priest
              (12 damage)
             ... on level 6 of the Dungeon.
             The game lasted 00:04:37 (8663 turns).

kae the Arsonist (Tengu Fire Elementalist)          Turns: 8663, Time: 00:04:38

Health: -2/48      AC:  8    Str:  9    XL:     8   Next: 85%
Magic:  11/16      EV: 14    Int: 18    God:
Gold:   330        SH:  0    Dex: 14    Spells: 3/16 levels left

rFire   . . .      SeeInvis .   e - +1 trident
rCold   . . .      Faith    .   (no shield)
rNeg    . . .      Spirit   .   r - +2 robe {Will+}
rPois   .          Reflect  .   (helmet restricted)
rElec   .          Harm     .   (no cloak)
rCorr   .          Rampage  .   (no gloves)
Will    +....                   (boots unavailable)
Stlth   ++........              (no amulet)
HPRegen 0.16/turn               g - +4 ring of protection
MPRegen 0.15/turn               (no ring)

@: flying quickly and evasively, quick
A: beak, talons 3, nimble flight
a: no special abilities


You were on level 6 of the Dungeon.
You visited 1 branch of the dungeon, and saw 6 of its levels.

You collected 330 gold pieces.

Inventory:

Hand Weapons
 e - a +1 trident (weapon)
Missiles
 o - a throwing net
Armour
 a - a +1 robe
 r - a +2 robe of willpower (worn)
Jewellery
 g - a +4 ring of protection (left hand)
 i - a +4 ring of evasion
 s - a ring of see invisible
Wands
 h - a wand of mindburst (5)
 j - a wand of digging (4)
Scrolls
 l - a scroll of fog
 m - a scroll of amnesia {unknown}
 n - a scroll of identify
Potions
 b - a potion of magic
 c - a potion of flight
 d - 4 potions of curing
 f - a potion of heal wounds
 k - a potion of haste {unknown}
 u - a potion of lignification


   Skills:
 + Level 4.5 Fighting
 - Level 2.1 Dodging
 - Level 2.0 Stealth
 + Level 4.7 Spellcasting
 + Level 6.3 Conjurations
 * Level 8.1 Fire Magic


You had 3 spell levels left.
You knew the following spells:

 Your Spells              Type           Power      Damage    Failure   Level
a - Foxfire               Conj/Fire      100%       2x1d9     1%          1
b - Scorch                Fire           66%        2d8       1%          2
c - Conjure Flame         Conj/Fire      30%        6-21      1%          3
d - Inner Flame           Hex/Fire       18%        N/A       8%          3
e - Flame Wave            Conj/Fire      30%        2d8       7%          4

Your spell library contained the following spells:

 Spells                   Type           Power      Damage    Failure   Level
 Ignite Poison            Fire/Tmut/Pois 14%        N/A       14%         3
 Mephitic Cloud           Conj/Pois/Air  11%        N/A       17%         3
 Gell's Gravitas          Tloc           4%         N/A       38%         3
 Ozocubu's Armour         Ice            4%         N/A       38%         3
 Teleport Other           Tloc           4%         N/A       38%         3
 Summon Ice Beast         Ice/Summ       4%         N/A       80%         4
 Freezing Cloud           Conj/Ice/Air   5%         6-21      85%         5
 Metabolic Englaciation   Hex/Ice        2%         N/A       98%         5
 Summon Mana Viper        Hex/Summ       4%         N/A       98%         5
 Dispersal                Tloc           2%         N/A       100%        6
 Simulacrum               Ice/Necr       2%         N/A       100%        6
 Monstrous Menagerie      Summ           2%         N/A       100%        7
 Polar Vortex             Ice            2%         N/A       100%        9


Dungeon Overview and Level Annotations

Branches:
Dungeon (6/15)
 Temple: D:4-7

Altars:
Elyvilon
Yredelemnul

Shops:
D:2 (   D:5 [

Annotations:
D:5 exclusion: kobold demonologist


Innate Abilities, Weirdness & Mutations

You have a beak for a mouth.
You have claws for feet.
Your magical nature lets you fly swiftly and evasively.


Message History

You conjure some foxfire!
The bullfrog swells and bulges.
The orc priest invokes the aid of Beogh against you.
Beogh smites you!
The foxfire hits the bullfrog.
The bullfrog is lightly wounded.
The foxfire hits the bullfrog.
The bullfrog is moderately wounded.
Casting: Foxfire (safe; 1% risk of failure)
Confirm with . or Enter, or press ? or * to list all spells.
You conjure some foxfire!
The bullfrog hits you but does no damage.
The orc priest calls down the wrath of Beogh upon you.
Beogh smites you!
The bullfrog snags a nearby mouse with its tongue.
The bullfrog hits you but does no damage.
The foxfire hits the bullfrog.
The bullfrog is moderately wounded.
The bullfrog hits you.
The orc priest invokes the aid of Beogh against you.
Beogh smites you!
* * * LOW HITPOINT WARNING * * *
Your foxfire dissipates!
The bullfrog attacks as you move away! The bullfrog barely misses you.
The bullfrog hits you.
* * * LOW HITPOINT WARNING * * *
You feel much better. The bullfrog closely misses you.
Casting: Foxfire (safe; 1% risk of failure)
Confirm with . or Enter, or press ? or * to list all spells.
Flames lash the orc priest.
The orc priest is severely wounded.
The orc priest's fire resistance burns away.
The bullfrog hits you!
The orc priest calls down the wrath of Beogh upon you.
Beogh smites you!
* * * LOW HITPOINT WARNING * * *
The bullfrog misses you.
The orc priest invokes the aid of Beogh against you.
Beogh smites you!
You die...

###....,,..###### #..##.......#
*,...,,....* #..##(......#
***,,##,*#...#** #...........#
,,,,,,,,,.....,*****##.##.......#
***,,**,,......,,,,,#............
,,,,,,*,,......###*,#.#.#.......#
***,,,,,,[...o?oo##.#.#<####.####
*,,,,,**,,,**#F##..........# ##
***,*****,** #@####.#.########.
*,* *,* #.# #.#.# #.... *,* *,*
#.# #.#.# ###.##. *,*****,* #.#
#.#.###.#.### *,,,,,,,*
#.####......#..... *********
#..........###.###
###########.#.## ##.## ###


You could see a bullfrog and 2 orc priests.

Vanquished Creatures
  2 sky beasts
  3 centaurs
  3 ogres
  A bullfrog (D:6)
  2 scorpions
  2 howler monkeys
  A jelly (D:6)
  2 hounds
  2 orc priests (D:5)
  A gnoll shaman (D:5)
  2 iguanas
  4 orc wizards
  Robin (D:4)
  10 gnolls
  4 adders
  An ufetubus (D:5)
  A worm (D:3)
  3 dart slugs
  14 orcs
  4 ball pythons
  6 endoplasms
  4 giant cockroaches
  18 goblins
  7 hobgoblins
  3 jackals (D:3)
  2 quokkas
  5 bats
  3 frilled lizards
  7 kobolds
  4 rats (D:2)
122 creatures vanquished.

Vanquished Creatures (others)
  An orc (D:5)
  A quokka (D:5)
  347 foxfires
349 creatures vanquished.

Grand Total: 471 creatures vanquished

Notes
Turn   | Place    | Note
-------+----------+-------------------------------------------
     0 | D:1      | kae the Tengu Fire Elementalist began the quest for the
                  | Orb.
     0 | D:1      | Reached XP level 1. HP: 10/10 MP: 4/4
   241 | D:1      | Reached XP level 2. HP: 11/16 MP: 1/6
  1089 | D:2      | Reached XP level 3. HP: 20/20 MP: 7/7
  1120 | D:2      | Reached skill level 1 in Fighting
  1226 | D:2      | Found Peocyo Bixast's Weapon Emporium.
  1461 | D:2      | Reached skill level 4 in Fire Magic
  1644 | D:2      | Learned a level 2 spell: Scorch
  1648 | D:2      | Learned a level 3 spell: Conjure Flame
  1872 | D:2      | Reached XP level 4. HP: 25/25 MP: 5/8
  2623 | D:3      | Found a basalt altar of Yredelemnul.
  3692 | D:3      | Found a basalt altar of Yredelemnul.
  4150 | D:4      | Noticed Robin
  4160 | D:3      | Gained mutation: Your magical nature lets you fly swiftly
                  | and evasively. [Tengu growth]
  4160 | D:3      | Reached XP level 5. HP: 27/30 MP: 6/9
  4458 | D:4      | Killed Robin
  4598 | D:4      | Reached skill level 5 in Fire Magic
  4861 | D:4      | Noticed an ogre
  4864 | D:4      | Reached XP level 6. HP: 35/35 MP: 5/11
  5612 | D:5      | Entered Level 5 of the Dungeon
  5619 | D:5      | Reached XP level 7. HP: 24/40 MP: 9/13
  5937 | D:5      | Reached skill level 6 in Fire Magic
  6225 | D:5      | Learned a level 3 spell: Inner Flame
  6230 | D:5      | Learned a level 4 spell: Flame Wave
  6230 | D:5      | Found a white marble altar of Elyvilon.
  6743 | D:5      | Reached skill level 5 in Conjurations
  6808 | D:5      | Found Keol's Armour Boutique.
  6970 | D:5      | Reached XP level 8. HP: 44/47 MP: 12/15
  7099 | D:5      | Reached skill level 7 in Fire Magic
  7431 | D:5      | Noticed a kobold demonologist
  8461 | D:6      | Reached skill level 8 in Fire Magic
  8663 | D:6      | Killed from afar by an orc priest

Illustrated notes

Levels and vault maps discovered:
D:1:      heliophobic_arrival_henge, layout_loops_ring, nrook_loot_triangle,
          dk_noncrumbling_2, minmay_crystal_water
D:2:      layout_basic, serial_shops, shop
D:3:      layout_loops_corners, nicolae_overflow_crystal_walls
D:4:      layout_rooms, uniq_robin
D:5:      cheibrodos_two_vegetables, layout_gridville, elyvilon_altar_4,
          nicolae_stop_n_shop_1
D:6:      layout_loops_ring, ebering_ghost_rock_garden, minmay_fountain_box

Skill      XL: |  1  2  3  4  5  6  7  8 |
---------------+-------------------------+-----
Conjurations   | 2 3 4 5 6 |  6.3
Fighting       | 1 2 3 4 |  4.5
Fire Magic     | 4 5 6 8 |  8.1
Spellcasting   | 3 4 |  4.7
Dodging        | |  2.1
Stealth        | |  2.0

Action                   |  1- 3 |  4- 6 |  7- 9 || total
-------------------------+-------+-------+-------++-------
Melee: Trident           |    11 |    30 |    31 ||    72
       Kick              |     3 |     4 |     8 ||    15
       Peck              |     1 |     4 |     8 ||    13
 Cast: Foxfire           |    75 |    86 |    53 ||   214
       Scorch            |       |    14 |    54 ||    68
       Conjure Flame     |       |     1 |     1 ||     2
  Use: Scroll            |     1 |     2 |     9 ||    12
       Potion            |       |     1 |     5 ||     6
 Stab: Sleeping          |     3 |       |       ||     3
       Invisible         |       |       |     1 ||     1
Armor: Robe              |     4 |    35 |    36 ||    75
Dodge: Dodged            |    16 |    55 |   108 ||   179

Table legend: (Time is in decaauts)
 A = Elapsed time spent in this place.
 B = Non-inter-level travel time spent in this place.
 C = Inter-level travel time spent in this place.
 D = Time resting spent in this place.
 E = Time spent auto-exploring this place.
 F = Levels seen in this place.
 G = Mean time per level.
                   A        B        C        D        E       F      G
               +--------+--------+--------+--------+--------+-----+--------+
         Total |   8509 |   8320 |    189 |    528 |   6699 |   6 | 1418.2 |
       Dungeon |   8509 |   8320 |    189 |    528 |   6699 |   6 | 1418.2 |
               +--------+--------+--------+--------+--------+-----+--------+

Top non-repeatable levels by time:
     D:3: 2247 daAuts
     D:5: 1588 daAuts
     D:4: 1380 daAuts
     D:2: 1143 daAuts
     D:1: 1081 daAuts
     D:6: 1069 daAuts
